 Dungeon Crawl Stone Soup version 0.32-a0-616-g9348d4545b (webtiles) character file.

Game seed: 15804562605321675019

157230 ytrimaz the Severer (level 17, -1/147 HPs)
             Began as a Coglin Berserker on Mar 6, 2024.
             Was an Initiate of Jiyva.
             Slain by a pharaoh ant (19 damage)
             ... on level 3 of the Spider Nest.
             The game lasted 00:42:27 (29563 turns).

ytrimaz the Severer (Coglin Berserker)             Turns: 29563, Time: 00:42:27

Health: -1/147     AC: 25    Str: 23    XL:     17   Next: 69%
Magic:  17/17      EV: 16    Int:  8    God:    Jiyva [......]
Gold:   2090       SH:  0    Dex: 18    Spells: 16/16 levels left

rFire   . . .        c - +1 broad axe (heavy) {Gisele}
rCold   . . .        T - +8 mithril axe "Arga" {speed, Will+}
rNeg    . . .        G - quicksilver dragon scales
rPois   +            J - +2 helmet "Biackuib" {Stlth+}
rElec   +            U - +1 cloak {Stlth+}
rCorr   +            C - +0 pair of fencer's gloves {Riposte Dex+3}
SInv    .            m - +0 pair of boots
Will    +++..        (amulet unavailable)
Stlth   +++          (ring unavailable)
HPRegen 0.44/turn    (ring unavailable)
MPRegen 0.15/turn    R
                       - N-2700 gigagenerator {rElec rPois rCorr Clar RMsl}

%: repel missiles, clarity
@: studying Dodging, revving
A: off-hand wielding, slow wielding, warmup strikes, no jewellery
a: Renounce Religion


You were on level 3 of the Spider Nest.
You worshipped Jiyva.
Jiyva was noncommittal.
You visited 4 branches of the dungeon, and saw 25 of its levels.
You also visited: Sewer, Gauntlet and Ice Cave.

You collected 2639 gold pieces.
You spent 549 gold pieces at shops.


Innate Abilities, Weirdness & Mutations

You can wield a second weapon in your off-hand.
It takes a long time for you to wield or remove held weapons.
Your first few attacks do less damage.
You cannot equip rings or amulets.


   Skills:
 - Level 17.0 Fighting
 - Level 18.0 Axes
 + Level 16.4 Armour
 + Level 8.5 Dodging
 - Level 10.0 Evocations


You had 16 spell levels left.
You didn't know any spells.
Your spell library was empty.

Inventory:

Hand Weapons
 c - a +1 heavy broad axe (weapon) {Gisele}
   (Trog gifted it to you on level 1 of the Spider Nest)
 f - a +0 broad axe of freezing {Yuphin}
   (You bought it in a shop on level 9 of the Dungeon)
 u - a +0 broad axe of venom {Wu}
   (You took it off a meliai in a Gauntlet)
 T - the +8 mithril axe "Arga" (offhand) {speed, Will+}
   (Trog gifted it to you on level 12 of the Dungeon)

   Will+:     It increases your willpower.
Missiles
 H - 11 throwing nets
Armour
 m - a +0 pair of boots (worn)
   (You found it on level 1 of the Dungeon)
 C - the +0 pair of fencer's gloves (worn) {Riposte Dex+3}
   (You found it on level 7 of the Dungeon)

   Riposte:   It allows the wearer to riposte with melee weapons, swiftly
   retaliating against missed or blocked melee attacks.
   Dex+3:     It affects your dexterity (+3).
 D - +1 fire dragon scales
   (You found it on level 7 of the Dungeon)
 G - quicksilver dragon scales (worn)
   (You found it on level 7 of the Dungeon)
 J - the +2 helmet "Biackuib" (worn) {Stlth+}
   (You found it in a Gauntlet)

   Stlth+:    It makes you more stealthy.
 U - a +1 cloak of stealth (worn)
   (You found it on level 12 of the Dungeon)
Gizmo
 R - a N-2700 gigagenerator (installed) {rElec rPois rCorr Clar RMsl}
   (You invented it yourself on level 3 of the Lair of Beasts)

   [N-2700 gigagenerator]

   rElec:     It insulates you from electricity.
   rPois:     It protects you from poison.
   Clar:      It protects you from confusion, rage, mesmerisation and fear.
   RMsl:      It protects you from missiles.
   rCorr:     It protects you from acid and corrosion.
Wands
 k - a wand of warping (3)
   (You found it on level 2 of the Dungeon)
 t - a wand of flame (27)
   (You found it on level 5 of the Dungeon)
 w - a wand of acid (3) (quivered)
   (You bought it in a shop on level 2 of the Orcish Mines)
 O - a wand of charming (12)
   (You found it on level 2 of the Lair of Beasts)
Scrolls
 a - a scroll of torment
 d - 4 scrolls of immolation
 e - 5 scrolls of teleportation
 j - 3 scrolls of vulnerability
 l - a scroll of summoning
 o - 2 scrolls of fear
 x - 2 scrolls of revelation
 z - 12 scrolls of identify
 B - 4 scrolls of enchant armour
 Q - 2 scrolls of brand weapon
 S - a scroll of fog
Potions
 b - 3 potions of haste
 g - 2 potions of resistance
 h - 2 potions of mutation
 i - 4 potions of enlightenment
 n - 2 potions of invisibility
 p - a potion of lignification
 v - 3 potions of magic
 I - 2 potions of cancellation
 K - 3 potions of might
 M - 4 potions of curing
 N - 2 potions of ambrosia
Miscellaneous
 r - a phial of floods
   (You found it on level 7 of the Dungeon)
 A - a condenser vane
   (You found it in a Gauntlet)
 E - a lightning rod (4/4)
   (You found it on level 7 of the Dungeon)
 F - a phantom mirror
   (You found it on level 7 of the Dungeon)
 L - a sack of spiders
   (You found it in a Gauntlet)

Dungeon Overview and Level Annotations

Branches:
Dungeon (15/15) Zot: 25831  Temple (0/1) D:6            Lair (5/5) D:10 Zot: 23337
 Shoals (0/4) Lair:2       Spider (3/4) Lair:2 Zot: 14684   Slime (0/5) Lair:4
    Orc (2/2) D:10 Zot: 9568     Elf (0/3) Orc:2        Vaults (0/5) D:14
 Depths (0/4) D:15          Sewer (visited)           IceCv (visited)
Gauntlet (visited)

Altars:
Elyvilon
Fedhas
Hepliaklqana
Kikubaaqudgha
Makhleb
Okawaru
Sif Muna
Trog
Uskayaw
Vehumet
Yredelemnul
Zin
The Shining One
Beogh
Jiyva

Shops:
D:3 *   D:9 (((? Orc:2

*?*= ##.....#
#.....# #.....#
##...)# ##...#
##..##########
##..^###...s.^.
#....†.^^..#
####..†.@B##
####...# #...^#
#....## #.^..##
#...### #...#
....


You could see a pharaoh ant and a jumping spider.


Message History

😕 HP[+1]
You closely miss the sun moth with your +1 heavy broad axe.
You slash the sun moth with the +8 mithril axe "Arga"!
The liquid fire burns you!
The sun moth barely misses you. 😕 HP[-4]
You take 4 damage, and now have 121/147 hp.
Okay, then.
You slash the sun moth with the +8 mithril axe "Arga"!
You hit the jumping spider with the +8 mithril axe "Arga".
You hit the sun moth but do no damage.
You hit the jumping spider with your +1 heavy broad axe.
The liquid fire burns you! The sun moth bites you.
The jumping spider pounces on you.
You are caught in a web!
The jumping spider bites you but does no damage. 😮 HP[-16]
You take 16 damage, and now have 105/147 hp.
You are too injured to fight recklessly!
The web tears apart.
The liquid fire burns you! The jumping spider barely misses you.
The jumping spider misses you.
The sun moth bites you but does no damage. 😮 HP[-13]
You take 13 damage, and now have 92/147 hp.
You closely miss the sun moth with the +8 mithril axe "Arga".
You slash the jumping spider with the +8 mithril axe "Arga"!
You slice the sun moth with your +1 heavy broad axe!!
You hit the jumping spider with your +1 heavy broad axe.
The liquid fire burns you!
The jumping spider pounces on you but does no damage.
The jumping spider closely misses you. The sun moth bites you. 😮 HP[-8]
You take 8 damage, and now have 84/147 hp.
Unknown command.
You slice the sun moth with the +8 mithril axe "Arga"!!
You kill the sun moth!
You barely miss the jumping spider with the +8 mithril axe "Arga".
You slash the jumping spider with your +1 heavy broad axe!
You kill the jumping spider!
A freezing mist starts to gather...
A jumping spider simulacrum comes into view.
The liquid fire burns you! 😮 HP[-4]
You take 4 damage, and now have 80/147 hp.
Unknown command.
You shake off some of the fire as you move.
The liquid fire burns you!
* * * LOW HITPOINT WARNING * * *
The jumping spider simulacrum pounces on you but does no damage.
The jumping spider simulacrum misses you. 😨 HP[-14]
You take 14 damage, and now have 66/147 hp.
You are too injured to fight recklessly!
You slash the jumping spider simulacrum with the +8 mithril axe "Arga"!
You closely miss the jumping spider simulacrum with your +1 heavy broad axe.
The liquid fire burns you!
* * * LOW HITPOINT WARNING * * *
The jumping spider simulacrum misses you.
The jumping spider simulacrum bites you but does no damage. 😨 HP[-4]
You take 4 damage, and now have 62/147 hp.
You barely miss the jumping spider simulacrum with your +1 heavy broad axe.
You slash the jumping spider simulacrum with the +8 mithril axe "Arga"!
The liquid fire burns you!
* * * LOW HITPOINT WARNING * * *
😨 HP[-5]
You take 5 damage, and now have 57/147 hp.
Unknown command.
You are on fire!
Unknown command.
You shake off the liquid fire.
Unknown command.
You see here a jumping spider corpse. 😨 HP[+1]
You start resting.
Trog hurls fiery rage upon you!
The fireball explodes!
The fireball engulfs you!!
* * * LOW HITPOINT WARNING * * *
Unknown command. 😱 HP[-26]
You take 26 damage, and now have 32/147 hp.
You start resting.
You hear a faint skittering sound.
You hear a skittering sound.
A pharaoh ant comes into view. 😨 HP[+5]
You regained 5 hp, and now have 37/147 hp.
You see here a jumping spider corpse.
A jumping spider comes into view. 😨 HP[+1]
The pharaoh ant bites you!!
* * * LOW HITPOINT WARNING * * *
😱 HP[-20]
You take 20 damage, and now have 18/147 hp.
Unknown command.
You hit the pharaoh ant with your +1 heavy broad axe.
You slash the pharaoh ant with the +8 mithril axe "Arga"!
The pharaoh ant bites you!!
You die...
Jiyva sends a jelly to digest your remains.

Skill      XL: |  1  2  3  4  5  6  7  8  9 10 11 12 13 14 15 16 17 |
---------------+----------------------------------------------------+-----
Armour         | 2 3 4 5 6 7 9 10 11 12 13 15 16 | 16.4
Axes           | 4 5 6 8 10 12 13 15 16 18 | 18.0
Fighting       | 4 5 6 7 8 10 11 12 13 15 16 17 | 17.0
Evocations     | 7 10 | 10.0
Dodging        | 8 |  8.5

Action                     |  1- 3 |  4- 6 |  7- 9 | 10-12 | 13-15 | 16-18 || total
---------------------------+-------+-------+-------+-------+-------+-------++-------
  Melee: Hand axe          |    85 |    70 |   233 |   130 |       |       ||   518
         Dagger            |    70 |       |       |       |       |       ||    70
         Whip              |       |    62 |   232 |       |       |       ||   294
         War axe           |       |       |     3 |   292 |   125 |       ||   420
         Broad axe         |       |       |       |   144 |  1000 |   736 ||  1880
 Invoke: Berserk           |       |     1 |     1 |     2 |     5 |     3 ||    12
         Trog's Hand       |       |       |       |     1 |     4 |       ||     5
         Brothers in Arms  |       |       |       |     1 |     2 |       ||     3
Ability: Invent Gizmo      |       |       |       |       |     1 |       ||     1
  Evoke: Wand              |       |       |     1 |     1 |     8 |     1 ||    11
    Use: Scroll            |     7 |     4 |     4 |    14 |    13 |     1 ||    43
         Potion            |       |       |     1 |       |     5 |     2 ||     8
   Stab: Sleeping          |     2 |       |       |       |     3 |    10 ||    15
         Distracted        |       |       |       |       |     1 |     2 ||     3
         Invisible         |       |       |       |       |       |     2 ||     2
 Armour: Animal skin       |    23 |       |       |       |       |       ||    23
         Leather armour    |    28 |    17 |       |       |       |       ||    45
         Ring mail         |       |    24 |   205 |    19 |       |       ||   248
         Quicksilver drago |       |       |       |   245 |   528 |   513 ||  1286
         Chain mail        |       |       |       |     3 |       |       ||     3
         Fire dragon scale |       |       |       |       |    28 |    19 ||    47
  Dodge: Dodged            |    56 |    48 |   142 |   175 |   305 |   287 ||  1013
         Repelled          |       |       |       |       |    15 |    15 ||    30
Riposte: War axe           |       |       |       |    31 |    16 |       ||    47
         Hand axe          |       |       |       |    17 |       |       ||    17
         Broad axe         |       |       |       |    14 |   114 |   106 ||   234

Levels and vault maps discovered:
D:1:      beargit_arrival_greenhouse, layout_loops_corners, kennysheep_doodads
D:2:      layout_basic, serial_bayou_pond_b, minmay_tiny_reverse_x
D:3:      layout_rooms, serial_shops, nicolae_shop_overgrown_old_shop,
          mrwooster_statue_mirror, small_statue_intersection, solitary_fountain,
          minmay_hedge_maze, minmay_misc_feat_columns,
          amcnicky_mini_rare_corridor_liquid
D:4:      layout_basic, lemuel_tele_altar, uniq_pikel, uniq_blork_the_orc
D:5:      layout_loops_cross, lightli_sewer_entry_pipes,
          nicolae_kite_square_tiling_tiny
D:6:      layout_rooms, minmay_temple_entry_tees,
          chequers_serial_rivers_small_b, kennysheep_decorative_pillar,
          uniq_jeremiah
D:7:      minmay_the_grid_triangle_9x9_rhombus_thin
          [minmay_the_grid_triangle_9x9_cache,
          minmay_the_grid_triangle_9x9_prize_insulated,
          minmay_the_grid_triangle_9x9_negative_grid,
          minmay_the_grid_triangle_9x9_from_above], layout_cave_pods,
          nicolae_overflow_hidden_temple, chequers_temple_overflow_minitemple,
          minmay_fractal_squares_5
D:8:      layout_rooms, grunt_ministairs_9, nicolae_twisty_statue_hallways
D:9:      layout_rooms, hellmonk_okawaru_the_only_friend_you_need, serial_ice,
          serial_ice_b, serial_ice_l, serial_ice_m, serial_ice_o, serial_shops,
          nicolae_shop_rolling_square, nicolae_shop_real_fake_doors,
          kennysheep_little_box, shop_statue, minmay_quadrilaterals
D:10:     layout_rooms, grunt_temple_overflow_growth_and_decay,
          david_lair_shrubbed, kennysheep_orc_monster_closet_entryway,
          uniq_harold, uniq_lodul
D:11:     layout_roguey, ebering_dispersal_statue_hall, uniq_nergalle
D:12:     minmay_smoke_and_mirrors, layout_basic, onia_ninara_cookie,
          uniq_psyche
D:13:     layout_loops_ring, elyvilon_altar_5
D:14:     layout_loops_ring, grunt_vaults_entry_tiered,
          nicolae_uskayaw_dance_hall
D:15:     hellmonk_depths_entry_around_the_bend, layout_rooms,
          patterned_corridor
Lair:1:   lemuel_slime, layout_hall_layers, gauntlet_entry_generic,
          beast_lair_carwin_11, grunt_megastairs_5, lemuel_fruit_fields,
          infiniplex_staircase_pool
Lair:2:   dragon1_lemuel, layout_regular_city, minmay_shoals_entry_beasts,
          dummy_spider_entry, grunt_megastairs_2
Lair:3:   layout_gridlike
Lair:4:   layout_regular_city, minmay_slime_entry_jelly_boxes,
          lemuel_fruit_tree, grunt_megastairs_3, uniq_urug, uniq_nessos,
          uniq_rupert
Lair:5:   cheibrodos_lair_end_hotspot, layout_long_grid, wad_woods_06,
          uniq_snorg
Spider:1: layout_spider_delve, hangedman_spider_tarantella_strand
Spider:2: layout_spider_delve
Spider:3: layout_cave_pods, uniq_arachne
Orc:1:    layout_caves, portal_ice_cave_entry_pillars_2, bloody_makhleb,
          uniq_jorgrun, uniq_gastronok, uniq_josephine
Orc:2:    st_orc_pillars, layout_caves, basic_altar, uniq_sonja

Notes
Turn   | Place    | Note
-------+----------+-------------------------------------------
     0 | D:1      | ytrimaz the Coglin Berserker began the quest for the Orb.
     0 | D:1      | Reached XP level 1. HP: 18/18 MP: 1/1
     0 | D:1      | magus.rc [v1.9.6]
   107 | D:1      | Reached XP level 2. HP: 24/24 MP: 2/2
   133 | D:1      | Reached skill level 2 in Armour
   637 | D:1      | Reached XP level 3. HP: 29/29 MP: 3/3
  1077 | D:2      | Reached ** piety under Trog
  1247 | D:2      | Reached skill level 4 in Axes
  1247 | D:2      | Reached XP level 4. HP: 29/35 MP: 4/4
  1905 | D:3      | Noticed a sky beast
  1920 | D:3      | Killed a sky beast
  1921 | D:3      | Reached skill level 4 in Fighting
  1921 | D:3      | Reached skill level 3 in Armour
  1921 | D:3      | Reached XP level 5. HP: 41/42 MP: 5/5
  1987 | D:3      | Found Offona's Assorted Antiques.
  2003 | D:3      | Bought a scroll labelled BOSTRO JOSIARGH for 22 gold pieces
  2003 | D:3      | Bought a scroll of identify for 44 gold pieces
  2003 | D:3      | Bought a scroll of identify for 44 gold pieces
  2470 | D:4      | Reached skill level 5 in Axes
  2470 | D:4      | Reached XP level 6. HP: 46/48 MP: 6/6
  2520 | D:4      | Noticed Pikel
  2529 | D:4      | Killed Pikel
  2530 | D:4      | Reached skill level 5 in Fighting
  2530 | D:4      | Reached skill level 6 in Axes
  2530 | D:4      | Reached skill level 4 in Armour
  2530 | D:4      | Reached XP level 7. HP: 26/56 MP: 7/7
  2785 | D:4      | Noticed Blork the orc
  2792 | D:4      | Killed Blork the orc
  2854 | D:4      | Reached XP level 8. HP: 59/62 MP: 8/8
  2859 | D:4      | Reached *** piety under Trog
  2877 | D:4      | Reached skill level 7 in Axes
  2884 | D:4      | Found a bloodstained altar of Trog.
  3535 | D:5      | Entered Level 5 of the Dungeon
  3771 | D:5      | Reached skill level 8 in Axes
  3771 | D:5      | Reached skill level 5 in Armour
  3775 | D:5      | Reached skill level 6 in Fighting
  4025 | D:5      | Found a glowing drain.
  4125 | Sewer    | Entered a sewer
  4345 | Sewer    | Reached **** piety under Trog
  4581 | Sewer    | Reached XP level 9. HP: 61/69 MP: 7/9
  5250 | D:6      | Reached skill level 9 in Axes
  5272 | D:6      | Noticed Jeremiah
  5284 | D:6      | HP: 17/71 [poisoned by a water moccasin]
  5295 | D:6      | HP: 17/71 [poisoned by a water moccasin]
  5627 | D:6      | Reached skill level 6 in Armour
  5673 | D:6      | Killed Jeremiah
  5674 | D:6      | Reached skill level 7 in Fighting
  5918 | D:6      | Found a staircase to the Ecumenical Temple.
  6079 | D:7      | Found a glowing golden altar of the Shining One.
  6079 | D:7      | Found a radiant altar of Vehumet.
  6087 | D:7      | Found a glowing silver altar of Zin.
  6090 | D:7      | Found a hazy altar of Hepliaklqana.
  6092 | D:7      | Found a shimmering blue altar of Sif Muna.
  6124 | D:7      | Reached skill level 10 in Axes
  6304 | D:7      | Reached XP level 10. HP: 59/79 MP: 10/10
  6737 | D:7      | Noticed a white ugly thing
  6737 | D:7      | Found the +0 pair of fencer's gloves {Riposte Dex+3}
  6737 | D:7      | Noticed a boulder beetle
  6742 | D:7      | Killed a white ugly thing
  6746 | D:7      | Killed a boulder beetle
  6747 | D:7      | Reached skill level 8 in Fighting
  6747 | D:7      | Reached skill level 11 in Axes
  6747 | D:7      | Reached skill level 7 in Armour
  6925 | D:7      | Found a basalt altar of Yredelemnul.
  7717 | D:8      | Reached skill level 12 in Axes
  7717 | D:8      | Reached XP level 11. HP: 79/87 MP: 11/11
  7765 | D:8      | Reached ***** piety under Trog
  8536 | D:9      | Reached skill level 9 in Fighting
  8550 | D:9      | Reached skill level 8 in Armour
  8899 | D:9      | Found Geraud's Weapon Boutique.
  8902 | D:9      | Bought a +0 broad axe for 48 gold pieces
  9064 | D:9      | Found Aloalih's Weapon Emporium.
  9076 | D:9      | Noticed a two-headed ogre
  9084 | D:9      | Killed a two-headed ogre
  9140 | D:9      | Found Imnais's Weapon Emporium.
  9342 | D:9      | Found an iron altar of Okawaru.
  9432 | D:9      | Found Tikoakah's Magic Scroll Boutique.
  9438 | D:9      | Bought a scroll of brand weapon for 123 gold pieces
  9504 | D:10     | Entered Level 10 of the Dungeon
  9542 | D:10     | Reached skill level 13 in Axes
  9611 | D:10     | Identified the +7 lajatang of the Enemy {drain, rElec rF+
                  | rN+ Will+}
  9793 | D:10     | Found a blossoming altar of Fedhas.
  9796 | D:10     | Found an ancient bone altar of Kikubaaqudgha.
  9869 | D:10     | Noticed Harold
  9876 | D:10     | Found a staircase to the Lair.
  9878 | D:10     | Received a gift from Trog
  9903 | D:10     | Killed Harold
  9904 | D:10     | Reached skill level 10 in Fighting
  9904 | D:10     | Reached skill level 9 in Armour
  9904 | D:10     | Reached XP level 12. HP: 65/97 MP: 12/12
 10047 | D:10     | Found a staircase to the Orcish Mines.
 10063 | D:10     | Reached skill level 14 in Axes
 10117 | D:10     | Noticed Lodul
 10133 | D:10     | Killed Lodul
 10572 | D:11     | Noticed Nergalle
 10583 | D:11     | Killed Nergalle
 10994 | D:11     | Noticed a two-headed ogre
 10998 | D:11     | Killed a two-headed ogre
 10999 | D:11     | Reached skill level 11 in Fighting
 10999 | D:11     | Reached skill level 15 in Axes
 11074 | D:12     | Reached skill level 10 in Armour
 11306 | Lair:1   | Entered Level 1 of the Lair of Beasts
 11319 | Lair:1   | Reached ****** piety under Trog
 11384 | Lair:1   | Reached XP level 13. HP: 68/106 MP: 13/13
 11512 | Lair:1   | Found a gate leading to a gauntlet.
 11521 | Gauntlet | Entered a Gauntlet
 11521 | Gauntlet | Found a transporter.
 11524 | Gauntlet | Found a transporter.
 11525 | Gauntlet | Found a transporter.
 11529 | Gauntlet | Found a transporter.
 11538 | Gauntlet | Found a transporter.
 11538 | Gauntlet | Found a transporter.
 11540 | Gauntlet | Found a transporter.
 11541 | Gauntlet | Found a transporter.
 11610 | Gauntlet | Found a transporter.
 11611 | Gauntlet | Found a transporter.
 11615 | Gauntlet | Found a transporter.
 11627 | Gauntlet | Found a transporter.
 11738 | Gauntlet | Identified the +2 helmet "Biackuib" {Stlth+}
 11798 | Gauntlet | Noticed a minotaur
 11817 | Gauntlet | Killed a minotaur
 11817 | Gauntlet | Received a gift from Trog
 12460 | Lair:1   | Reached skill level 16 in Axes
 12862 | Lair:2   | Found a staircase to the Shoals.
 13049 | Lair:2   | Reached skill level 12 in Fighting
 13426 | Lair:2   | Noticed a fire dragon
 13739 | Lair:2   | Found a hole to the Spider Nest.
 13962 | Lair:2   | Killed a fire dragon
 13963 | Lair:2   | Reached skill level 11 in Armour
 14797 | Lair:3   | Received a gift from Trog
 14809 | Lair:3   | Reached XP level 14. HP: 108/116 MP: 14/14
 14814 | Lair:3   | Acquired a N-2700 gigagenerator {rElec rPois rCorr Clar
                  | RMsl}
 14917 | Lair:3   | Identified the +0 chain mail of the Hall of Blades {Str+4
                  | Int+4}
 15213 | Lair:4   | Reached skill level 17 in Axes
 15316 | Lair:4   | Noticed Urug
 15321 | Lair:4   | Noticed Rupert
 15327 | Lair:4   | Killed Urug
 15338 | Lair:4   | Killed Rupert
 15362 | Lair:4   | Found a staircase to the Slime Pits.
 15367 | Lair:4   | Found a viscous altar of Jiyva.
 15367 | Lair:4   | Noticed Nessos
 15387 | Lair:4   | HP: 25/116 [Nessos/arrow (7)]
 15390 | Lair:4   | Killed Nessos
 16021 | Lair:4   | Reached skill level 13 in Fighting
 16567 | Orc:1    | Entered Level 1 of the Orcish Mines
 16599 | Orc:1    | Noticed Jorgrun
 16601 | Orc:1    | Noticed Josephine
 16605 | Orc:1    | HP: 13/118 [Jorgrun/iron shot (32)]
 16611 | Orc:1    | HP: 36/171 [orc sorcerer/bolt of negative energy (13)]
 16613 | Orc:1    | HP: 13/171 [Jorgrun/iron shot (24)]
 16614 | Orc:1    | Killed Jorgrun
 16618 | Orc:1    | Killed Josephine
 16619 | Orc:1    | Reached skill level 12 in Armour
 16625 | Orc:1    | Noticed Gastronok
 16625 | Orc:1    | HP: 9/177 [wraith[Josephine] (5)]
 16883 | Orc:1    | Killed Gastronok
 16896 | Orc:1    | Found a frozen archway.
 16904 | Orc:1    | Identified a scroll of acquirement
 16907 | IceCv    | Entered an ice cave
 17193 | Orc:1    | Found a burning altar of Makhleb.
 17398 | Orc:2    | Entered Level 2 of the Orcish Mines
 17402 | Orc:2    | Found a roughly hewn altar of Beogh.
 17438 | Orc:2    | Found a staircase to the Elven Halls.
 17439 | Orc:2    | Noticed an orc warlord
 17442 | Orc:2    | Noticed Sonja
 17451 | Orc:2    | HP: 24/118 [orc warlord/+0 long sword (32)]
 17451 | Orc:2    | HP: 9/118 [orc warrior/+0 glaive[an orc warlord] (15)]
 17471 | Orc:2    | Killed an orc warlord
 17472 | Orc:2    | Reached skill level 18 in Axes
 17475 | Orc:2    | HP: 25/118 [orc priest/divine providence (10)]
 17476 | Orc:2    | HP: 11/118 [orc priest/divine providence (14)]
 17792 | Orc:2    | Killed Sonja
 18294 | Orc:2    | HP: 27/118 [orc knight/+0 war axe (8)]
 18750 | Orc:2    | Received a gift from Trog
 18765 | Orc:2    | HP: 24/119 [orc knight/bolt (22)]
 18765 | Orc:2    | HP: 11/119 [orc warrior/+0 morningstar (13)]
 18982 | Orc:2    | Reached XP level 15. HP: 75/125 MP: 15/15
 19137 | Orc:2    | Reached skill level 14 in Fighting
 19207 | Orc:2    | Found Foudd's Jewellery Shop.
 19207 | Orc:2    | Found Doim's General Store.
 19323 | Orc:2    | Found Wiafudoi's Magic Scroll Boutique.
 19323 | Orc:2    | Found Eblasup's General Store.
 19336 | Orc:2    | Bought a wand of acid (4) for 268 gold pieces
 19535 | D:12     | Reached skill level 13 in Armour
 19535 | D:12     | Reached skill level 1 in Evocations
 19571 | D:12     | Reached skill level 2 in Evocations
 19915 | D:12     | Reached skill level 3 in Evocations
 20115 | D:12     | Reached skill level 4 in Evocations
 20118 | D:12     | Received a gift from Trog
 20118 | D:12     | Found the +8 mithril axe "Arga" {speed, Will+}
 20620 | D:12     | Noticed Psyche
 20624 | D:12     | Killed Psyche
 20781 | D:12     | Reached skill level 5 in Evocations
 20916 | D:12     | Found the +3 warlock's mirror {omnireflect}
 21291 | D:13     | Reached skill level 6 in Evocations
 21307 | D:13     | Reached skill level 15 in Fighting
 21530 | D:13     | Found a white marble altar of Elyvilon.
 22373 | D:14     | Reached skill level 7 in Evocations
 22383 | D:14     | Found a gate to the Vaults.
 22400 | D:14     | Reached XP level 16. HP: 79/136 MP: 16/16
 22675 | D:14     | Reached skill level 14 in Armour
 22781 | D:14     | Found a hide-covered altar of Uskayaw.
 22784 | D:14     | Received a gift from Trog
 22792 | D:14     | Reached skill level 8 in Evocations
 23045 | D:15     | Entered Level 15 of the Dungeon
 23658 | D:15     | Reached skill level 9 in Evocations
 23891 | D:15     | Found a staircase to the Depths.
 24128 | D:15     | Acquired a manual of Dodging
 24322 | Lair:5   | Entered Level 5 of the Lair of Beasts
 24348 | Lair:5   | Noticed Snorg
 24364 | Lair:5   | Killed Snorg
 24428 | Lair:5   | Received a gift from Trog
 24429 | Lair:5   | Reached skill level 16 in Fighting
 24540 | Lair:5   | Reached skill level 10 in Evocations
 25317 | Lair:5   | Found a large runed translucent door.
 25399 | Lair:5   | Reached skill level 15 in Armour
 25401 | Lair:5   | Found a large runed translucent door.
 25519 | Lair:5   | Identified the +1 scale mail of the Sturgeon {Harm rF-
                  | Str+4 Stlth+}
 25973 | Lair:5   | magus.rc [v1.9.6]
 26053 | Spider:1 | Entered Level 1 of the Spider Nest
 26085 | Spider:1 | Received a gift from Trog
 26249 | Spider:1 | Reached XP level 17. HP: 133/146 MP: 17/17
 26416 | Spider:1 | HP: 29/146 [boulder beetle[a torpor snail] (29)]
 26418 | Spider:1 | Reached skill level 17 in Fighting
 26505 | Spider:1 | Reached skill level 2 in Dodging
 26859 | Spider:1 | Reached skill level 3 in Dodging
 26899 | Spider:1 | magus.rc [v1.9.6]
 27142 | Spider:1 | Reached skill level 4 in Dodging
 27404 | Spider:2 | Reached skill level 5 in Dodging
 27638 | Spider:2 | Received a gift from Trog
 27661 | Spider:2 | Reached skill level 6 in Dodging
 27736 | Spider:2 | Reached skill level 16 in Armour
 27939 | Spider:2 | Identified the +7 long sword of the Hammering Shark {flame,
                  | rElec rC+}
 28440 | Spider:2 | Reached skill level 7 in Dodging
 29037 | Lair:4   | Fell from the grace of Trog
 29037 | Lair:4   | Became a worshipper of Jiyva Jelocam the Shapeless
 29181 | Spider:3 | Noticed Arachne
 29187 | Spider:3 | HP: 36/147 [jumping spider (3)]
 29190 | Spider:3 | HP: 16/147 [Arachne/staff of alchemy (2)]
 29195 | Spider:3 | Killed Arachne
 29196 | Spider:3 | Reached skill level 8 in Dodging
 29549 | Spider:3 | HP: 32/147 [divine wrath (31)]
 29562 | Spider:3 | HP: 18/147 [pharaoh ant (20)]
 29563 | Spider:3 | Slain by a pharaoh ant

Vanquished Creatures
  Arachne (Spider:3)
  Jorgrun (Orc:1)
  Rupert (Lair:4)
  Gastronok (Orc:1)
  A ghost moth (Spider:1)
  A broodmother (Spider:2)
  Nessos (Lair:4)
  A spark wasp (Spider:2)
  A minotaur (Gauntlet)
  An ettin (Orc:1)
  Snorg (Lair:5)
  A fire dragon (Lair:2)
  3 entropy weavers
  Josephine (Orc:1)
  Harold (D:10)
  3 vault guards (D:14)
  2 radroaches
  An ogre mage (D:15)
  A jorogumo (Spider:2)
  4 centaur warriors
  4 hydras
  4 boulder beetles
  6 two-headed ogres
  A deep troll earth mage (D:15)
  3 hell hogs
  Urug (Lair:4)
  5 orc high priests (Orc:2)
  7 demonic crawlers
  Sonja (Orc:2)
  3 occultists (D:12)
  Nergalle (D:11)
  A fire crab (Lair:5)
  6 skeletal warriors
  3 skysharks
  2 pharaoh ants
  An orb spider (Spider:1)
  6 arcanists
  Lodul (D:10)
  6 steelbarb worms
  2 necromancers (D:14)
  8 orc knights
  A sun moth (Spider:3)
  5 orc sorcerers
  Pikel (D:4)
  A harpy (shapeshifter) (D:14)
  13 wolf spiders
  A deep elf pyromancer (D:15)
  5 manticores
  6 cyclopes
  3 ugly things
  An oklob plant (Lair:1)
  2 moths of wrath
  3 meliai (Gauntlet)
  A kobold blastminer (Orc:1)
  12 elephants
  A black mamba (shapeshifter) (D:15)
  7 black mambas
  24 slime creatures
  2 molten gargoyles (Lair:5)
  6 torpor snails
  4 gargoyles
  15 cane toads
  A minotaur zombie (Gauntlet)
  Jeremiah (D:6)
  4 rime drakes
  3 unseen horrors
  A freezing wraith (D:15)
  17 komodo dragons
  5 kobold demonologists
  Psyche (D:12)
  3 tengu conjurers (D:15)
  7 trolls
  14 tarantellas
  A polar bear (Lair:5)
  2 hornets
  A wind drake (Lair:2)
  12 blink frogs
  24 jumping spiders
  A shadow (D:13)
  A vampire (D:12)
  4 culicivoras
  52 yaks
  19 humans (D:14)
  7 wyverns
  8 basilisks
  An unseen horror simulacrum (D:9)
  30 redbacks
  2 fire bats (Gauntlet)
  3 steam dragons
  9 wraiths
  3 wargs
  3 death yak simulacra (IceCv)
  4 acid dragons
  7 hell hounds
  20 water moccasins
  6 ice beasts
  3 sky beasts
  7 black bears
  32 orc warriors
  4 boggarts (D:12)
  18 wolves
  21 ogres
  18 centaurs
  Blork the orc (D:4)
  5 kobold brigands
  15 bullfrogs
  A brain worm (Sewer)
  A scorpion (D:4)
  7 gnoll sergeants
  6 wights (D:7)
  10 killer bees (D:9)
  2 electric eels
  3 howler monkeys
  5 lava snakes (Lair:5)
  A bombardier beetle (D:4)
  5 hounds
  18 jellies
  A hound (shapeshifter) (D:14)
  29 orc priests
  3 iguanas
  17 orc wizards
  9 hell rats (Lair:3)
  A polar bear simulacrum (IceCv)
  10 adders
  8 gnolls
  7 river rats
  2 shadow imps
  4 white imps
  2 howler monkey simulacra (D:9)
  4 ufetubi
  9 ribbon worms
  3 dart slugs (D:1)
  80 orcs
  6 ball pythons
  2 bats
  30 endoplasms
  5 giant cockroaches
  7 goblins
  6 hobgoblins
  4 jackals (D:1)
  21 kobolds
  A quokka (D:1)
  14 rats
959 creatures vanquished.

Vanquished Creatures (collateral kills)
  An orc warlord (Orc:2)
  A boulder beetle (D:7)
  5 skeletal warriors (D:12)
  A troll (D:7)
  2 orc warriors (Orc:2)
  A boggart (D:12)
  A kobold brigand (D:7)
  An orc wizard (Orc:2)
  2 orcs
15 creatures vanquished.

Vanquished Creatures (others)
  An occultist (D:12)
  An orc priest (Orc:2)
2 creatures vanquished.

Grand Total: 976 creatures vanquished

Table legend:
 A = Non-vault XP
 B = Vault XP
 C = Vault XP percentage of total XP
 D = Non-vault monster count
 E = Vault monster count
 F = Vault count percentage of total count
                 A         B        C        D         E       F
            +---------+---------+-------+---------+---------+-------
      Total |  143758 |   80857 |  36.0 |     623 |     352 |  36.1
            +---------+---------+-------+---------+---------+-------
        D:1 |      44 |       0 |   0.0 |      20 |       0 |   0.0
        D:2 |      88 |       9 |   9.3 |      19 |       5 |  20.8
        D:3 |     167 |       0 |   0.0 |      11 |       0 |   0.0
        D:4 |     682 |     706 |  50.9 |      28 |       2 |   6.7
        D:5 |     581 |      87 |  13.0 |      17 |       9 |  34.6
        D:6 |    1202 |     388 |  24.4 |      19 |       1 |   5.0
        D:7 |    1184 |    2916 |  71.1 |      22 |      19 |  46.3
        D:8 |    1603 |     121 |   7.0 |      21 |       2 |   8.7
        D:9 |    2150 |    1043 |  32.7 |      21 |      15 |  41.7
       D:10 |    5408 |    4227 |  43.9 |      28 |      30 |  51.7
       D:11 |    5576 |     783 |  12.3 |      26 |       1 |   3.7
       D:12 |    8622 |   12621 |  59.4 |      28 |      27 |  49.1
       D:13 |    6709 |       0 |   0.0 |      24 |       0 |   0.0
       D:14 |    6589 |    8322 |  55.8 |      16 |      25 |  61.0
       D:15 |   14610 |    2784 |  16.0 |      29 |       5 |  14.7
     Lair:1 |    3176 |    2586 |  44.9 |      15 |      31 |  67.4
     Lair:2 |    3252 |    2590 |  44.3 |      17 |       7 |  29.2
     Lair:3 |    9616 |       0 |   0.0 |      43 |       0 |   0.0
     Lair:4 |    5419 |    4956 |  47.8 |      15 |      19 |  55.9
     Lair:5 |   10088 |   11872 |  54.1 |      30 |      34 |  53.1
   Spider:1 |   20969 |     265 |   1.2 |      57 |       1 |   1.7
   Spider:2 |   20972 |       0 |   0.0 |      48 |       0 |   0.0
   Spider:3 |    6302 |    2185 |  25.7 |      14 |       1 |   6.7
      Orc:1 |    4124 |    5359 |  56.5 |      21 |       8 |  27.6
      Orc:2 |    4625 |   11828 |  71.9 |      34 |      67 |  66.3
      Sewer |       0 |     208 | 100.0 |       0 |      28 | 100.0
      IceCv |       0 |     549 | 100.0 |       0 |       4 | 100.0
   Gauntlet |       0 |    4452 | 100.0 |       0 |      11 | 100.0
            +---------+---------+-------+---------+---------+-------

Skill      XL: |  1  2  3  4  5  6  7  8  9 10 11 12 13 14 15 16 17 |
---------------+----------------------------------------------------+-----
Armour         | 2 3 4 5 6 7 9 10 11 12 13 15 16 | 16.4
Axes           | 4 5 6 8 10 12 13 15 16 18 | 18.0
Fighting       | 4 5 6 7 8 10 11 12 13 15 16 17 | 17.0
Evocations     | 7 10 | 10.0
Dodging        | 8 |  8.5

Action                     |  1- 3 |  4- 6 |  7- 9 | 10-12 | 13-15 | 16-18 || total
---------------------------+-------+-------+-------+-------+-------+-------++-------
  Melee: Hand axe          |    85 |    70 |   233 |   130 |       |       ||   518
         Dagger            |    70 |       |       |       |       |       ||    70
         Whip              |       |    62 |   232 |       |       |       ||   294
         War axe           |       |       |     3 |   292 |   125 |       ||   420
         Broad axe         |       |       |       |   144 |  1000 |   736 ||  1880
 Invoke: Berserk           |       |     1 |     1 |     2 |     5 |     3 ||    12
         Trog's Hand       |       |       |       |     1 |     4 |       ||     5
         Brothers in Arms  |       |       |       |     1 |     2 |       ||     3
Ability: Invent Gizmo      |       |       |       |       |     1 |       ||     1
  Evoke: Wand              |       |       |     1 |     1 |     8 |     1 ||    11
    Use: Scroll            |     7 |     4 |     4 |    14 |    13 |     1 ||    43
         Potion            |       |       |     1 |       |     5 |     2 ||     8
   Stab: Sleeping          |     2 |       |       |       |     3 |    10 ||    15
         Distracted        |       |       |       |       |     1 |     2 ||     3
         Invisible         |       |       |       |       |       |     2 ||     2
 Armour: Animal skin       |    23 |       |       |       |       |       ||    23
         Leather armour    |    28 |    17 |       |       |       |       ||    45
         Ring mail         |       |    24 |   205 |    19 |       |       ||   248
         Quicksilver drago |       |       |       |   245 |   528 |   513 ||  1286
         Chain mail        |       |       |       |     3 |       |       ||     3
         Fire dragon scale |       |       |       |       |    28 |    19 ||    47
  Dodge: Dodged            |    56 |    48 |   142 |   175 |   305 |   287 ||  1013
         Repelled          |       |       |       |       |    15 |    15 ||    30
Riposte: War axe           |       |       |       |    31 |    16 |       ||    47
         Hand axe          |       |       |       |    17 |       |       ||    17
         Broad axe         |       |       |       |    14 |   114 |   106 ||   234

Illustrated notes

Table legend:
 A = Kills in this place as a percentage of kills in the entire game.
 B = Kills by you in this place as a percentage of kills by you in the entire game.
 C = Kills by friends in this place as a percentage of kills by friends in the entire game.
 D = Other kills in this place as a percentage of other kills in the entire game.
 E = Experience gained in this place as a percentage of experience gained in the entire game.
 F = Experience gained in this place divided by the number of levels of this place that you have seen.
                   A       B       C       D       E      F
               +-------+-------+-------+-------+-------+----------------------
         Total | 100.0 | 100.0 | 100.0 | 100.0 | 100.0 | 8022.0
       Dungeon |  48.2 |  47.9 |  66.7 | 100.0 |  39.7 | 5948.1
          Lair |  21.6 |  22.0 |   0.0 |   0.0 |  23.8 | 10711.0
   Spider Nest |  12.4 |  12.6 |   0.0 |   0.0 |  22.6 | 16897.7
  Orcish Mines |  13.3 |  13.0 |  33.3 |   0.0 |  11.5 | 12968.0
         Sewer |   2.9 |   2.9 |   0.0 |   0.0 |   0.1 | 208.0
      Ice Cave |   0.4 |   0.4 |   0.0 |   0.0 |   0.2 | 549.0
      Gauntlet |   1.1 |   1.1 |   0.0 |   0.0 |   2.0 | 4452.0
               +-------+-------+-------+-------+-------+----------------------

Table legend: (Time is in decaauts)
 A = Elapsed time spent in this place.
 B = Non-inter-level travel time spent in this place.
 C = Inter-level travel time spent in this place.
 D = Time resting spent in this place.
 E = Time spent auto-exploring this place.
 F = Levels seen in this place.
 G = Mean time per level.
                   A        B        C        D        E       F      G
               +--------+--------+--------+--------+--------+-----+--------+
         Total |  29522 |  27893 |   1629 |   2330 |  20642 |  28 | 1054.4 |
       Dungeon |  15598 |  14695 |    903 |    760 |  11415 |  15 | 1039.9 |
          Lair |   6662 |   6100 |    562 |    240 |   4833 |   5 | 1332.4 |
   Spider Nest |   3314 |   3206 |    108 |    309 |   2420 |   3 | 1104.7 |
  Orcish Mines |   2431 |   2377 |     54 |    749 |   1119 |   2 | 1215.5 |
         Sewer |    907 |    907 |      0 |      0 |    682 |   1 |  907.0 |
      Ice Cave |    118 |    118 |      0 |    106 |      0 |   1 |  118.0 |
      Gauntlet |    489 |    489 |      0 |    165 |    172 |   1 |  489.0 |
               +--------+--------+--------+--------+--------+-----+--------+

Top non-repeatable levels by time:
    D:12: 1883 daAuts
Spider:2: 1848 daAuts
  Lair:5: 1621 daAuts
     D:7: 1516 daAuts
   Orc:2: 1487 daAuts
  Lair:2: 1473 daAuts
  Lair:4: 1435 daAuts
    D:10: 1285 daAuts
Spider:1: 1226 daAuts
     D:4: 1093 daAuts
  Lair:3: 1093 daAuts
    D:15: 1073 daAuts
    D:14: 1059 daAuts
  Lair:1: 1038 daAuts
     D:5: 1029 daAuts
